 Dungeon Crawl Stone Soup version 0.30.1-9-gdf580d7c3d (webtiles) character file.

Game seed: 10015955058659008281

22658 Graphine the Spry (level 13, -2/83 HPs)
             Began as a Merfolk Gladiator on Oct 22, 2023.
             Was a High Priest of Okawaru.
             Slain by a cyan very ugly thing (22 damage)
             ... on level 10 of the Dungeon.
             The game lasted 00:39:39 (10886 turns).

Graphine the Spry (Merfolk Gladiator)              Turns: 10886, Time: 00:39:43

Health: -2/83      AC: 11    Str: 18    XL:     13   Next: 1%
Magic:  0/13       EV: 30    Int:  8    God:    Okawaru [*****.]
Gold:   820        SH:  8    Dex: 19    Spells: 12/12 levels left

rFire   . . .        a - +6 long sword
rCold   . . .        x - +0 buckler "Qiuca" {Rampage Str+3}
rNeg    . . .        I - +0 steam dragon scales
rPois   +            c - +0 helmet
rElec   .            F - +0 cloak
rCorr   .            m - +0 pair of gloves
SInv    .            P - +2 pair of boots {Fly}
Will    .....        J - amulet of guardian spirit
Stlth   +++          e - ring of poison resistance
HPRegen 0.33/turn    (no ring)
MPRegen 0.13/turn

%: guardian spirit, rampage
@: mighty, flying, very quick
A: nimble swimmer 2, mertail
a: Renounce Religion, Heroism, Finesse, Duel


You were on level 10 of the Dungeon.
You worshipped Okawaru.
Okawaru was extremely pleased with you.
You visited 2 branches of the dungeon, and saw 11 of its levels.
You also visited: Ossuary and Bailey.

You collected 1099 gold pieces.
You spent 279 gold pieces at shops.

Inventory:

Hand Weapons
 a - a +6 long sword (weapon)
 n - a +4 heavy triple sword
 y - a +0 demon blade of electrocution
Missiles
 d - a throwing net
 k - 4 javelins
 r - 8 boomerangs (quivered)
 w - 4 curare-tipped darts
Armour
 c - a +0 helmet (worn)
 m - a +0 pair of gloves (worn)
 x - the +0 buckler "Qiuca" (worn) {Rampage Str+3}
   (You found it on level 9 of the Dungeon)

   Str:       It affects your strength (+3).
   Rampage:   It bestows one free step when moving towards enemies.
 F - a +0 cloak (worn)
 I - +0 steam dragon scales (worn)
 P - a +2 pair of boots of flying (worn)
Jewellery
 e - a ring of poison resistance (left hand)
 J - an amulet of guardian spirit (around neck)
Wands
 N - a wand of polymorph (5)
 R - a wand of digging (4)
Scrolls
 b - 2 scrolls of fear
 f - a scroll of fog
 g - 2 scrolls of teleportation
 j - 2 scrolls of blinking
 o - 5 scrolls of noise
 p - 2 scrolls of enchant armour
 s - a scroll of magic mapping
 t - 2 scrolls of amnesia
 v - 2 scrolls of vulnerability
 A - 4 scrolls of immolation
 L - 4 scrolls of silence
Potions
 h - 5 potions of curing
 i - a potion of heal wounds
 l - 4 potions of haste
 q - 2 potions of degeneration {unknown}
 u - 3 potions of flight {unknown}
 z - 2 potions of lignification {unknown}
 B - 3 potions of might
 C - 2 potions of berserk rage {unknown}
 D - 3 potions of ambrosia {unknown}
 E - a potion of attraction {unknown}
 G - a potion of magic {unknown}
 H - a potion of mutation {unknown}
 M - 3 potions of cancellation {unknown}
 O - a potion of brilliance {unknown}


   Skills:
 - Level 2.1 Fighting
 - Level 14.0 Long Blades
 - Level 2.0 Throwing
 - Level 18.0 Dodging
 * Level 14.6 Shields


You had 12 spell levels left.
You didn't know any spells.
Your spell library contained the following spells:

 Spells                   Type           Power      Damage    Failure   Level
 Necrotise                Necr           0%         1d4       43%         1
 Cigotuvi's Dreadful Rot  Necr/Pois/Air  0%         N/A       58%         2
 Poisonous Vapours        Pois/Air       0%         N/A       58%         2
 Ignite Poison            Fire/Tmut/Pois 0%         N/A       82%         3
 Mephitic Cloud           Conj/Pois/Air  0%         N/A       82%         3
 Portal Projectile        Hex/Tloc       0%         N/A       82%         3
 Vampiric Draining        Necr           0%         2d6       82%         3
 Leda's Liquefaction      Hex/Erth       0%         N/A       99%         4
 Agony                    Necr           0%         N/A       100%        5
 Freezing Cloud           Conj/Ice/Air   0%         6-21      100%        5
 Call Canine Familiar     Summ           Unusable   N/A       N/A         3

Dungeon Overview and Level Annotations

Branches:
Dungeon (10/15)            Temple (1/1) D:7             Orc (0/2) D:9
Ossuary (visited)          Bailey (visited)
   Lair: D:8-11

Altars:
Ashenzari
Cheibriados
Elyvilon
Fedhas
Gozag
Hepliaklqana
Kikubaaqudgha
Makhleb
Nemelex Xobeh
Okawaru
Qazlal
Ru
Sif Muna
Uskayaw
Wu Jian
Xom
Yredelemnul
The Shining One

Shops:
D:2 *   D:5 [   D:9 [   D:10 *

Annotations:
D:3 1 runed translucent door, zxspectator's ghost, amateur GrFi


Innate Abilities, Weirdness & Mutations

You are very nimble when in or above water. (Stealth+, EV+, Speed+++)
Your lower body shifts to a powerful aquatic tail in water.


Message History

A wizard comes into view. It is wielding a +0 dagger.
Found a spear and 16 gold pieces.
Found three items.
The cyan very ugly thing gurgles horribly!
You rampage towards the cyan very ugly thing!
You barely miss the cyan very ugly thing.
The wizard mumbles some strange words.
The wizard blinks!
You hit the cyan very ugly thing.
The cyan very ugly thing is lightly wounded.
The cyan very ugly thing misses you.
You barely miss the cyan very ugly thing.
The cyan very ugly thing kicks you! The cyan very ugly thing shocks you!!
You block the cyan very ugly thing's attack.
You slice the cyan very ugly thing!!
The cyan very ugly thing is lightly wounded.
As you read the scroll of fog, it crumbles to dust.
The scroll dissolves into smoke.
The cyan very ugly thing completely misses you.
You hit the cyan very ugly thing but do no damage.
The cyan very ugly thing is lightly wounded.
You block the cyan very ugly thing's attack.
You feel very mighty all of a sudden.
The cyan very ugly thing completely misses you.
You slash the cyan very ugly thing!
The cyan very ugly thing is moderately wounded.
The cyan very ugly thing completely misses you.
You slash the cyan very ugly thing!
The cyan very ugly thing is heavily wounded.
The cyan very ugly thing completely misses you.
You slice the wizard!!
The wizard is severely wounded.
You slash the wizard!
You kill the wizard!
Okawaru accepts your kill.
You hear a splash. x2
The cyan very ugly thing kicks you!!
* * * LOW HITPOINT WARNING * * *
The cyan very ugly thing shocks you!!
You die...

#.###########.#....##......^
#.# #.....#..........##. #.#
#.###########....##. #.#
#.#####8######....). #.#
####.....~~~######## #.#
#~....~~~~~## *## #.#
##§§##8##~...###⌠## #.#
#§§#######....~~~~~ #.#
#§@##***###~~..~~~. #.#
##§u##?!}###~~..... #.#
#§§§..p.)###~..... #.###
####~~~...$# #~..... #...#
#.#####!$[## #~..... ###.#
#.# *#### #~~.... #.# #.#
### ##~~... #.# #.# #.#
###'## #.# #.# #.# #....


You could see a cyan very ugly thing.

Vanquished Creatures
  2 two-headed ogres
  A wizard (D:10)
  2 orc knights (Bailey)
  6 ugly things (D:10)
  4 orange demons (D:10)
  A red devil (D:10)
  Prince Ribbit (D:7)
  22 yaks
  2 wraiths (D:9)
  3 wyverns
  3 steam dragons
  4 vampire mosquitoes (D:10)
  Edmund (D:4)
  A water moccasin (D:7)
  A sky beast (D:7)
  8 orc warriors (Bailey)
  5 centaurs
  2 phantoms (D:5)
  2 kobold brigands (D:8)
  An elf zombie (Ossuary)
  A bullfrog (D:7)
  2 gnoll sergeants
  A scorpion (D:5)
  9 wights (D:9)
  2 howler monkeys
  6 human zombies (Ossuary)
  2 jellies
  5 centaur zombies (Ossuary)
  2 sleepcaps
  5 orc priests
  4 hounds
  3 iguanas
  3 orc wizards
  4 mummies
  10 gnolls
  9 adders
  A shadow imp (D:5)
  2 white imps
  2 ufetubi (D:5)
  A worm (D:3)
  2 dart slugs
  27 orcs
  6 endoplasms
  8 giant cockroaches
  9 goblins
  7 hobgoblins
  6 jackals
  5 quokkas
  8 ball pythons
  6 bats
  5 frilled lizards
  13 kobolds
  5 rats
253 creatures vanquished.

Notes
Turn   | Place    | Note
-------+----------+-------------------------------------------
     0 | D:1      | Graphine the Merfolk Gladiator began the quest for the Orb.
     0 | D:1      | Reached XP level 1. HP: 16/16 MP: 1/1
   140 | D:1      | Reached XP level 2. HP: 21/22 MP: 2/2
   338 | D:1      | Reached XP level 3. HP: 26/27 MP: 3/3
   653 | D:2      | Reached skill level 5 in Dodging
   820 | D:2      | Found Osicokk's General Store.
   832 | D:2      | Bought a +1 pair of boots for 115 gold pieces
  1265 | D:3      | Found a faded altar of an unknown god.
  1645 | D:3      | Reached XP level 4. HP: 33/33 MP: 4/4
  1937 | D:3      | Noticed zxspectator's ghost (amateur GrFi)
  1941 | D:3      | Found a runed translucent door.
  1957 | D:3      | Reached skill level 5 in Long Blades
  2272 | D:4      | Found a basalt altar of Yredelemnul.
  2528 | D:4      | Noticed Edmund
  2557 | D:4      | Killed Edmund
  2558 | D:4      | Reached skill level 6 in Dodging
  2558 | D:4      | Reached XP level 5. HP: 26/38 MP: 5/5
  2641 | D:4      | Reached XP level 6. HP: 39/44 MP: 6/6
  2858 | D:4      | Reached skill level 7 in Dodging
  3006 | D:5      | Entered Level 5 of the Dungeon
  3021 | D:5      | Found a sand-covered staircase.
  3032 | Ossuary  | Entered an ossuary
  3138 | Ossuary  | Reached XP level 7. HP: 26/50 MP: 7/7
  3279 | Ossuary  | Reached skill level 8 in Dodging
  3536 | D:5      | Identified the +6 glaive of Impatience {freeze, Dex+2}
  3642 | D:5      | Reached skill level 9 in Dodging
  3650 | D:5      | Reached XP level 8. HP: 50/56 MP: 8/8
  3764 | D:5      | Found Xiachaag's Antique Armour Shoppe.
  4431 | D:5      | Reached skill level 10 in Dodging
  5200 | D:6      | Noticed a yak
  5200 | D:6      | Noticed a yak
  5202 | D:6      | Noticed a yak
  5204 | D:6      | Noticed a yak
  5424 | D:6      | Reached skill level 10 in Long Blades
  5586 | D:6      | Killed a yak
  5587 | D:6      | Reached skill level 11 in Dodging
  5587 | D:6      | Reached XP level 9. HP: 61/61 MP: 9/9
  5995 | D:7      | Found a blossoming altar of Fedhas.
  6041 | D:7      | Reached skill level 12 in Dodging
  6050 | D:7      | Noticed Prince Ribbit
  6068 | D:7      | Killed Prince Ribbit
  6116 | D:7      | Found a staircase to the Ecumenical Temple.
  6139 | Temple   | Entered the Ecumenical Temple
  6196 | Temple   | Became a worshipper of Warmaster Okawaru
  7171 | D:8      | Reached skill level 13 in Dodging
  7192 | D:8      | Reached XP level 10. HP: 49/67 MP: 6/10
  7454 | D:8      | Noticed a two-headed ogre
  7462 | D:8      | Killed a two-headed ogre
  7462 | D:8      | Reached * piety under Okawaru
  8079 | D:9      | Identified the +0 buckler "Qiuca" {Rampage Str+3}
  8113 | D:9      | Reached skill level 14 in Dodging
  8149 | D:9      | Reached ** piety under Okawaru
  8198 | D:9      | Noticed a two-headed ogre
  8230 | D:9      | Killed a two-headed ogre
  8251 | D:9      | Found a staircase to the Orcish Mines.
  8367 | D:9      | Reached skill level 15 in Dodging
  8447 | D:9      | Found a shimmering blue altar of Sif Muna.
  8615 | D:9      | Found a hide-covered altar of Uskayaw.
  8653 | D:9      | Found an ancient bone altar of Kikubaaqudgha.
  8678 | D:9      | Found Xeklyp's Antique Armour Boutique.
  8922 | D:5      | Bought a pair of runed boots for 142 gold pieces
  9125 | D:10     | Entered Level 10 of the Dungeon
  9133 | D:10     | Reached XP level 11. HP: 72/72 MP: 11/11
  9148 | D:10     | Reached *** piety under Okawaru
  9262 | D:10     | Reached skill level 16 in Dodging
  9262 | D:10     | Found a flagged portal.
  9278 | Bailey   | Entered a bailey
  9466 | Bailey   | Noticed an orc knight
  9466 | Bailey   | Noticed an orc knight
  9479 | Bailey   | Killed an orc knight
  9562 | Bailey   | Killed an orc knight
  9562 | Bailey   | Reached **** piety under Okawaru
  9846 | D:10     | Found Adetsu Ucun's General Store.
  9852 | D:10     | Bought a scroll of identify for 22 gold pieces
  9903 | D:10     | Reached skill level 17 in Dodging
  9922 | D:10     | Reached skill level 5 in Shields
  9949 | D:10     | Reached XP level 12. HP: 36/78 MP: 9/12
 10190 | D:10     | Reached ***** piety under Okawaru
 10685 | D:10     | Received a gift from Okawaru
 10706 | D:10     | Reached skill level 18 in Dodging
 10864 | D:10     | Reached XP level 13. HP: 59/83 MP: 8/13
 10869 | D:10     | Noticed a cyan very ugly thing
 10886 | D:10     | Slain by a cyan very ugly thing

Illustrated notes

Levels and vault maps discovered:
D:1:      evilmike_arrival_plus, layout_loops_ring, minmay_close_crescents
D:2:      layout_loops_cross, serial_shops, shop
D:3:      layout_loops_corners, hellmonk_ghost_happy_afterlife,
          nicolae_ecumenical_oubliette, kennysheep_cross_bottleneck,
          grunt_ministairs_12
D:4:      layout_rooms, nicolae_overflow_hidden_temple,
          kennysheep_generic_room_11, uniq_edmund
D:5:      minmay_polygon_palace, layout_basic, gup_ossuary_entry_pyramid,
          serial_shops, shop
D:6:      layout_cave_pools
D:7:      layout_basic, kennysheep_mini, temple_doors_e, uniq_prince_ribbit1
D:8:      layout_cave_pods
D:9:      layout_basic, mainiacjoe_overflow_six_doors_small,
          mainiacjoe_overflow_large_starburst, orc_0_dummy, serial_shops,
          nicolae_shop_temple_entry_statues_fountains
D:10:     cheibrodos_breeding_chamber, layout_loops_ring, enter_bailey_4,
          serial_shops, shop, eino_small_chamber_without_monster,
          chequers_serial_rivers_marsh, minmay_beelzebubs_servants
Temple:   dshaligram_water_room_temple

Skill      XL: |  1  2  3  4  5  6  7  8  9 10 11 12 |
---------------+-------------------------------------+-----
Long Blades    | 4 6 8 10 12 14 | 14.0
Dodging        | 5 6 7 9 11 13 15 17 18 | 18.0
Shields        | 13 14 | 14.6
Fighting       | |  2.1
Throwing       | |  2.0

Action                     |  1- 3 |  4- 6 |  7- 9 | 10-12 | 13-15 || total
---------------------------+-------+-------+-------+-------+-------++-------
  Melee: Long sword        |   146 |   179 |   281 |   425 |     9 ||  1040
         Punch             |       |     3 |    12 |     1 |       ||    16
         Dagger            |       |       |   186 |    99 |       ||   285
  Throw: Throwing net      |       |     2 |       |       |       ||     2
         Dart              |       |     1 |     5 |     2 |       ||     8
         Boomerang         |       |     2 |    92 |    32 |       ||   126
         Javelin           |       |     2 |     2 |    10 |       ||    14
 Invoke: Heroism           |       |       |       |     1 |       ||     1
  Evoke: Wand              |       |       |     6 |     1 |       ||     7
    Use: Scroll            |     6 |       |     8 |     9 |     1 ||    24
         Potion            |     1 |     1 |       |     5 |     1 ||     8
   Stab: Sleeping          |     2 |     1 |     1 |     3 |       ||     7
         Held in net/web   |       |     1 |       |       |       ||     1
         Paralysed         |       |       |     3 |     3 |       ||     6
 Armour: Leather armour    |    50 |    57 |    73 |       |       ||   180
         Steam dragon scal |       |       |    33 |    48 |       ||    81
  Dodge: Dodged            |   110 |   114 |   321 |   340 |     5 ||   890
  Block: Buckler           |       |       |       |   110 |     2 ||   112
